 Dungeon Crawl Stone Soup version 0.28.0 (webtiles) character file.

Game seed: 4414514435172078963

3638 bonscott the Sneak (level 9, -5/68 HPs)
             Began as a Vampire Necromancer on Feb 15, 2022.
             Was a Follower of Sif Muna.
             Slain by an orc knight (13 damage)
             ... in a bailey.
             The game lasted 01:20:58 (10676 turns).

bonscott the Sneak (Vampire Necromancer)           Turns: 10676, Time: 01:20:59

Health: -5/68      AC:  4    Str: 11    XL:     9   Next: 87%
Magic:  4/16       EV: 12    Int: 24    God:    Sif Muna [*.....]
Gold:   448        SH:  0    Dex: 14    Spells: 6/18 levels left

rFire   . . .      SeeInvis +   a - +0 fustibalus
rCold   . . .      Faith    .   (no shield)
rNeg    . . .      Spirit   .   n - +0 leather armour
rPois   .          Reflect  .   (no helmet)
rElec   .          Harm     .   I - +0 cloak
rCorr   .          Rampage  .   (no gloves)
Will    .....                   (no boots)
Stlth   +++.......              (no amulet)
HPRegen 0.41/turn               t - +6 ring of intelligence
MPRegen 0.15/turn               E - ring of wizardry

@: healing quickly
A: alive, fangs 3, see invisible, vampiric 2
a: Exsanguinate, Renounce Religion, Channel Magic


You were in a bailey.
You worshipped Sif Muna.
Sif Muna was aware of your devotion.
You visited 2 branches of the dungeon, and saw 8 of its levels.
You also visited: Bailey.

You collected 448 gold pieces.

Inventory:

Hand Weapons
 a - a +0 fustibalus (weapon)
 b - a +1 dagger of venom
 o - a +0 spear
 p - a +1 whip of freezing
 J - a +2 dagger of freezing
 K - a +1 flail of protection
 M - a +0 broad axe
Missiles
 c - 3 atropa-tipped darts
 d - 5 poisoned darts
 e - 84 arrows
 y - 41 sling bullets (quivered ammo)
 B - 11 boomerangs
 F - 60 stones
Armour
 k - a +0 robe
 n - a +0 leather armour (worn)
 u - a +0 ring mail
 v - an orb of guile
 D - a +0 buckler
 I - a +0 cloak (worn)
Jewellery
 t - a +6 ring of intelligence (left hand)
 E - a ring of wizardry (right hand)
 G - a +6 ring of intelligence
Scrolls
 f - a scroll of silence {unknown}
 g - a scroll of amnesia {unknown}
 i - a scroll of blinking {unknown}
 j - a scroll of summoning
 l - 3 scrolls of teleportation
 q - a scroll of fear {unknown}
 w - a scroll of enchant armour {unknown}
 z - a scroll of immolation {unknown}
 H - a scroll of identify
 L - a scroll of acquirement
 N - 3 scrolls of fog {unknown}
Potions
 h - a potion of mutation
 m - a potion of brilliance
 r - a potion of cancellation {unknown}
 s - a potion of curing
 x - a potion of magic
 A - 2 potions of degeneration {unknown}
 P - 2 potions of heal wounds {unknown}


   Skills:
 - Level 5.0 Fighting
 + Level 4.7 Slings
 - Level 5.0 Armour
 - Level 3.0 Dodging
 - Level 7.8 Stealth
 - Level 5.0 Shields
 - Level 5.0 Spellcasting
 - Level 6.0 Necromancy


You had 6 spell levels left.
You knew the following spells:

 Your Spells              Type           Power      Damage    Failure   Level
a - Apportation           Tloc           12%        N/A       4%          1
i - Pain                  Necr           100%       1d9       1%          1
m - Vampiric Draining     Necr           34%        2d8       1%          3
p - Passwall              Tmut/Erth      5%         N/A       7%          2
y - Agony                 Necr           34%        N/A       11%         5

Your spell library contained the following spells:

 Spells                   Type           Power      Damage    Failure   Level
 Animate Skeleton         Necr           68%        N/A       1%          1
 Sandblast                Erth           12%        2d6       4%          1
 Summon Small Mammal      Summ           24%        N/A       4%          1
 Animate Dead             Necr           17%        N/A       4%          4
 Excruciating Wounds      Necr           17%        N/A       11%         5
 Frozen Ramparts          Ice            12%        1d3       13%         3
 Stone Arrow              Conj/Erth      12%        3d7       13%         3
 Ice Form                 Ice/Tmut       6%         N/A       38%         4
 Summon Ice Beast         Ice/Summ       6%         N/A       38%         4


Dungeon Overview and Level Annotations

Branches:
Dungeon (7/15)             Temple (1/1) D:6          Bailey (1/1)

Altars:
Cheibriados
Dithmenos
Elyvilon
Fedhas
Gozag
Hepliaklqana
Makhleb
Nemelex Xobeh
Okawaru
Qazlal
Sif Muna
Trog
Uskayaw
Vehumet
Wu Jian
Xom
Yredelemnul
Zin
The Shining One

Shops:
D:6 *

Annotations:
D:3 3 runed translucent doors, everene's ghost, amateur KoEn


Innate Abilities, Weirdness & Mutations

Your natural rate of healing is accelerated.
You have razor-sharp teeth.
You have supernaturally acute eyesight. (SInv)
You are afflicted with vampirism and can become a bat while bloodless.


Message History

Items here: ))))))))) [[[[[[[[[.
The orc knight struggles to resist.
Casting: Pain (safe; 1% risk of failure)
Confirm with . or Enter, or press ? or * to list all spells.
Aiming: Agony (dangerous; 11% risk of failure)
Press: ? - help, Shift-Dir - straight line, f/p - orc knight
Aim: an orc knight, wielding a +0 broad axe and wearing a +0 plate armour (lightly wounded, fast, poisoned, chance to affect: 86%)
The orc knight convulses!
The orc knight hits you with a +0 broad axe!! x2
* * * LOW HITPOINT WARNING * * *
Okay, then.
Okay, then.
Aiming: Corrosive Bolt
Press: ? - help, Shift-Dir - straight line, f/p - orc knight
Aim: an orc knight, wielding a +0 broad axe and wearing a +0 plate armour (heavily wounded, fast, poisoned, 71% to hit)
The bolt of acid hits the orc knight!
The acid corrodes the orc knight!
The orc knight is severely wounded.
The now-empty wand crumbles to dust.
The orc knight hits you with a +0 broad axe!
* * * LOW HITPOINT WARNING * * *
Unknown command.
Casting: Agony (dangerous; 11% risk of failure)
Confirm with . or Enter, or press ? or * to list all spells.
Aiming: Vampiric Draining (safe; 1% risk of failure)
Press: ? - help, Shift-Dir - straight line, f/p - orc knight
Aim: an orc knight, wielding a +0 broad axe and wearing a +0 plate armour (severely wounded, fast, poisoned, covered in acid)
You draw life force from the orc knight!
You feel life coursing into your body.
The orc knight hits you with a +0 broad axe!
* * * LOW HITPOINT WARNING * * *
The orc knight barely misses you.
Casting: Vampiric Draining (safe; 1% risk of failure)
Confirm with . or Enter, or press ? or * to list all spells.
Aiming: Vampiric Draining (safe; 1% risk of failure)
Press: ? - help, Shift-Dir - straight line, f/p - orc knight
Aim: an orc knight, wielding a +0 broad axe and wearing a +0 plate armour (severely wounded, fast, poisoned, covered in acid)
You draw life force from the orc knight!
You feel life coursing into your body.
The orc knight hits you with a +0 broad axe!
You die...

♣♣♣♣♣♣♣
♣♣...♣.♣♣
♣♣♣.......♣♣
♣@)........♣
♣♣o...∩....♣
♣[).......♣
♣..).∩..).♣
♣.).)....♣♣
♣♣.).)....♣
♣##'''##♣♣
##.....##
#.......#


You could see an orc knight (fast, poisoned, corroded).

Vanquished Creatures
  Pikel (D:4)
  An orc knight (Bailey)
  A water moccasin (D:6)
  2 sky beasts
  10 orc warriors (Bailey)
  An ogre (D:4)
  2 kobold brigands
  2 scorpions (D:6)
  2 bullfrogs (D:6)
  A wyvern zombie (D:5)
  2 water moccasin skeletons
  2 bullfrog zombies (D:5)
  2 hounds (D:6)
  2 centaur skeletons
  3 orc priests
  2 bullfrog skeletons
  3 jellies
  Jessica (D:2)
  3 iguanas
  3 orc wizards
  2 hound skeletons (D:4)
  5 adders
  8 gnolls
  A howler monkey skeleton (D:6)
  4 dart slugs
  A worm (D:5)
  27 orcs
  5 bats
  4 endoplasms
  4 giant cockroaches
  17 goblins
  16 hobgoblins
  12 jackals
  7 quokkas
  5 ball pythons
  5 frilled lizards
  12 kobolds
  5 rats
186 creatures vanquished.

Vanquished Creatures (others)
  52 plants (D:3)
52 creatures vanquished.

Grand Total: 238 creatures vanquished

Notes
Turn   | Place    | Note
-------+----------+-------------------------------------------
     0 | D:1      | bonscott the Vampire Necromancer began the quest for the
                  | Orb.
     0 | D:1      | Reached XP level 1. HP: 13/13 MP: 3/3
   208 | D:1      | Noticed a great orb of eyes
   350 | D:1      | Reached XP level 2. HP: 19/19 MP: 3/5
   579 | D:1      | Found a faded altar of an unknown god.
   579 | D:1      | Noticed an eye of devastation
   607 | D:1      | Noticed a great orb of eyes
   615 | D:1      | Noticed a great orb of eyes
   977 | D:2      | Noticed Jessica
  1160 | D:2      | Gained mutation: You are afflicted with vampirism and can
                  | become a bat while bloodless. [Vampire growth]
  1160 | D:2      | Reached XP level 3. HP: 22/24 MP: 4/7
  1399 | D:2      | Reached skill level 5 in Necromancy
  2042 | D:2      | Killed Jessica
  2043 | D:2      | Reached XP level 4. HP: 30/30 MP: 9/9
  2495 | D:3      | Found an iron altar of Okawaru.
  2622 | D:3      | Reached skill level 1 in Slings
  2658 | D:3      | Found a shimmering altar of Xom.
  2845 | D:3      | Learned a level 3 spell: Vampiric Draining
  2869 | D:3      | Reached XP level 5. HP: 35/35 MP: 11/11
  3200 | D:3      | Found a runed translucent gate.
  3201 | D:3      | Found a runed translucent gate.
  3201 | D:3      | Found a runed translucent gate.
  3208 | D:3      | Noticed everene's ghost (amateur KoEn)
  3813 | D:4      | Noticed an ogre
  3831 | D:4      | Killed an ogre
  3832 | D:4      | Reached skill level 1 in Armour
  3832 | D:4      | Reached XP level 6. HP: 41/41 MP: 5/12
  4439 | D:4      | Found a sparkling altar of Nemelex Xobeh.
  4646 | D:4      | Found a stormy altar of Qazlal.
  4650 | D:4      | Found a hazy altar of Hepliaklqana.
  4682 | D:5      | Entered Level 5 of the Dungeon
  4682 | D:5      | Noticed Pikel
  4796 | D:5      | Reached XP level 7. HP: 33/46 MP: 13/13
  4903 | D:5      | Learned a level 1 spell: Apportation
  5015 | D:4      | Killed Pikel
  5016 | D:4      | Reached XP level 8. HP: 45/60 MP: 3/14
  5162 | D:5      | Found a hide-covered altar of Uskayaw.
  6495 | D:5      | Learned a level 2 spell: Passwall
  7121 | D:6      | Found Muawkagu's Neck Hole.
  7373 | D:6      | Reached skill level 5 in Spellcasting
  7844 | D:5      | Reached skill level 5 in Fighting
  7976 | D:6      | Found a staircase to the Ecumenical Temple.
  7987 | Temple   | Entered the Ecumenical Temple
  8189 | Temple   | Became a worshipper of Sif Muna the Loreminder
  8517 | D:6      | Reached skill level 1 in Shields
  8517 | D:6      | Reached XP level 9. HP: 68/68 MP: 16/16
  8610 | D:6      | Learned a level 5 spell: Agony
  8894 | D:7      | Found a flagged portal.
  8942 | Bailey   | Entered a bailey
  9092 | Bailey   | Reached * piety under Sif Muna
  9742 | Bailey   | Reached skill level 5 in Shields
 10026 | Bailey   | Noticed an orc knight
 10084 | Bailey   | Killed an orc knight
 10085 | Bailey   | Reached skill level 5 in Armour
 10085 | Bailey   | Reached skill level 6 in Stealth
 10213 | Bailey   | Noticed an orc knight
 10375 | Bailey   | Reached skill level 7 in Stealth
 10675 | Bailey   | HP: 2/68 [orc knight (7)]
 10676 | Bailey   | Slain by an orc knight

Illustrated notes

Levels and vault maps discovered:
D:1:      heliophobic_arrival_enchanted_forest, layout_basic,
          hellmonk_ecumenical_altar_watching_god, minmay_misc_feat_chi
D:2:      layout_loops_ring, minivault_24, uniq_jessica
D:3:      wad_woods_stonehenge, layout_basic, okawaru_trees_2,
          ebering_ghost_rock_garden, st_stairs_1,
          wander_ebering_terrifying_dragon_lair
D:4:      layout_rooms, kennysheep_little_box,
          chequers_temple_overflow_statue_of_worship, hangedman_feature_mirror,
          minmay_liquid_box
D:5:      layout_basic, lemuel_round_altar, uniq_pikel
D:6:      layout_gridville, minmay_temple_entry_grid,
          nicolae_shop_sticking_my_neck_out
D:7:      layout_loops_ring, lemuel_round_altar,
          gammafunk_temple_overflow_elements, enter_bailey_4, st_stairs_3,
          uniq_prince_ribbit1, uniq_menkaure
Temple:   nicolae_temple_figure_eight
Bailey:   bailey_axe_minmay_hex_keep, bailey

Skill      XL: |  1  2  3  4  5  6  7  8  9 |
---------------+----------------------------+-----
Spellcasting   | 3 4 5 |  5.0
Necromancy     | 5 6 |  6.0
Slings         | 1 3 4 |  4.7
Armour         | 1 3 4 5 |  5.0
Dodging        | 3 |  3.0
Fighting       | 4 5 |  5.0
Shields        | 1 5 |  5.0
Stealth        | 7 |  7.8

Action                   |  1- 3 |  4- 6 |  7- 9 || total
-------------------------+-------+-------+-------++-------
Melee: Short sword       |     4 |    49 |       ||    53
       Bite              |     2 |    12 |    19 ||    33
       Dagger            |       |       |    58 ||    58
       Whip              |       |       |    48 ||    48
       Punch             |       |       |     1 ||     1
 Fire: Fustibalus        |    32 |    53 |   122 ||   207
Throw: Stone             |    11 |       |       ||    11
       Dart              |       |     1 |    25 ||    26
 Cast: Pain              |    50 |    66 |   149 ||   265
       Vampiric Draining |       |     3 |    35 ||    38
       Agony             |       |       |     6 ||     6
Evoke: Wand              |       |       |     4 ||     4
  Use: Scroll            |       |     6 |     1 ||     7
       Potion            |       |       |     2 ||     2
Armor: Robe              |     4 |     9 |       ||    13
       Leather armour    |       |       |    37 ||    37
Dodge: Dodged            |    20 |    29 |   137 ||   186
